 Dungeon Crawl Stone Soup version 0.31.0-12-g77e489cdc1 (webtiles) character file.

Game seed: 2170373675625167407

409 Gadfly the Shooter (level 7, -9/41 HPs)
             Began as a Kobold Hunter on Feb 14, 2024.
             Mangled by an ogre
             ... wielding a +0 giant club
              (22 damage)
             ... on level 3 of the Dungeon.
             The game lasted 00:07:16 (2939 turns).

Gadfly the Shooter (Kobold Hunter)                  Turns: 2939, Time: 00:07:17

Health: -9/41      AC:  3    Str:  8    XL:     7   Next: 13%
Magic:  9/9        EV: 16    Int: 10    God:
Gold:   81         SH:  0    Dex: 21    Spells: 6/6 levels left

rFire   . . .        a - +0 shortbow
rCold   . . .        (shield currently unavailable)
rNeg    . . .        c - +0 leather armour
rPois   .            j - +0 hat
rElec   .            (no cloak)
rCorr   .            (no gloves)
SInv    .            (no boots)
Will    .....        (no amulet)
Stlth   +++          (no ring)
HPRegen 0.26/turn    (no ring)
MPRegen 0.11/turn

%: no passive effects
@: no status effects
A: small, no large weapons, nightstalker 3
a: no special abilities


You were on level 3 of the Dungeon.
You visited 1 branch of the dungeon, and saw 3 of its levels.

You collected 81 gold pieces.

Inventory:

Hand Weapons
 a - a +0 shortbow (weapon)
 e - a +0 dagger of electrocution
Armour
 c - a +0 leather armour (worn)
 j - a +0 hat (worn)
Scrolls
 b - a scroll of butterflies
 d - 4 scrolls of teleportation
 m - a scroll of fog {unknown}
Potions
 f - a potion of heal wounds {unknown}
 g - a potion of cancellation
 h - a potion of attraction
 i - a potion of curing {unknown}
 k - a potion of ambrosia
 l - a potion of invisibility {unknown}


   Skills:
 + Level 3.5 Fighting
 + Level 6.4 Ranged Weapons
 + Level 3.9 Dodging
 - Level 1.3 Stealth
 * Level 3.6 Invocations
 * Level 3.9 Evocations


You had 6 spell levels left.
You didn't know any spells.
Your spell library contained the following spells:

 Spells                   Type           Power      Damage    Failure   Level
 Sting                    Conj/Alch      0%         1d3       50%         1
 Cigotuvi's Dreadful Rot  Necr/Alch/Air  0%         N/A       63%         2
 Lesser Beckoning         Tloc           0%         N/A       63%         2
 Mercury Vapours          Alch/Air       0%         N/A       63%         2
 Gell's Gravitas          Tloc           0%         N/A       86%         3
 Teleport Other           Tloc           0%         N/A       86%         3
 Ignite Poison            Fire/Alch      0%         N/A       99%         4
 Olgreb's Toxic Radiance  Alch           0%         N/A       99%         4
 Freezing Cloud           Conj/Ice/Air   0%         6-21      100%        5


Dungeon Overview and Level Annotations

Branches:
Dungeon (3/15)

Altars:
Dithmenos

Shops:
D:3 :


Innate Abilities, Weirdness & Mutations

You are small and have problems with some larger weapons.
You are completely attuned to the shadows.


Message History

You shoot an arrow. The arrow hits the ogre.
The ogre is moderately wounded.
You shoot an arrow. The arrow hits the ogre.
The ogre is moderately wounded.
The ogre misses you.
You shoot an arrow. The orc shouts!
The arrow hits the ogre but does no damage.
The ogre is moderately wounded.
You hear a shout!
An orc comes into view. It is wielding a +0 club.
You shoot an arrow. The arrow hits the ogre.
The ogre is heavily wounded.
The ogre hits you with a +0 giant club!!
Ouch! That really hurt!
* * * LOW HITPOINT WARNING * * *
You are too injured to fight recklessly!
You are too injured to fight recklessly!
You are too injured to fight recklessly!
You are too injured to fight recklessly!
You are too injured to fight recklessly!
You are too injured to fight recklessly!
You are too injured to fight recklessly!
You are too injured to fight recklessly!
You are too injured to fight recklessly!
You are too injured to fight recklessly!
You are too injured to fight recklessly!
You are too injured to fight recklessly!
You are too injured to fight recklessly!
You are too injured to fight recklessly!
You are too injured to fight recklessly!
You are too injured to fight recklessly!
You are too injured to fight recklessly!
You are too injured to fight recklessly!
You are too injured to fight recklessly!
Unknown command.
The ogre attacks as it pursues you!
The ogre hits you with a +0 giant club!!
Ouch! That really hurt!
You die...

# . . ..#8..8#.. . .'....'. .
'o..g) . #..o)# . #O..(# . #@...#
. #..(.# #....#
#############''')#############
ogo#................÷.).........#
####≈~~~~~~~~~~≈..).~~~[~~~~~~~)#
≈≈≈≈≈≈≈≈≈~~≈≈≈≈~...)~≈~≈≈≈~≈≈≈≈≈≈
~≈≈~≈~~~~~~~~~~~....~~~~~~~~~~~~~
....................)............


You could see an ogre, a gnoll and 2 orcs.

Vanquished Creatures
  2 howler monkeys (D:3)
  4 hounds (D:3)
  9 gnolls
  2 adders
  2 dart slugs (D:2)
  12 orcs
  3 bats
  7 endoplasms
  3 giant cockroaches
  7 goblins
  7 hobgoblins
  20 jackals
  7 ball pythons
  3 frilled lizards
  2 kobolds
  5 rats
95 creatures vanquished.

Notes
Turn   | Place    | Note
-------+----------+-------------------------------------------
     0 | D:1      | Gadfly the Kobold Hunter began the quest for the Orb.
     0 | D:1      | Reached XP level 1. HP: 12/12 MP: 1/1
    59 | D:1      | Reached XP level 2. HP: 15/18 MP: 2/2
   102 | D:1      | Reached skill level 1 in Invocations
   102 | D:1      | Reached skill level 1 in Evocations
   313 | D:1      | Reached XP level 3. HP: 22/22 MP: 3/3
   690 | D:2      | Reached XP level 4. HP: 27/27 MP: 5/5
  1550 | D:3      | Reached XP level 5. HP: 13/32 MP: 6/6
  1764 | D:3      | Noticed an ogre
  1941 | D:3      | Found Zoclil Ycae's Book Shop.
  2181 | D:3      | Found a shadowy altar of Dithmenos.
  2301 | D:3      | Reached skill level 6 in Ranged Weapons
  2301 | D:3      | Reached XP level 6. HP: 32/37 MP: 8/8
  2778 | D:3      | Reached XP level 7. HP: 38/41 MP: 9/9
  2939 | D:3      | Mangled by an ogre

Illustrated notes

Levels and vault maps discovered:
D:1:      saegor_arrival_simple_d, layout_basic
D:2:      layout_basic, serial_curves, eino_curves_02, eino_curves_02,
          nrook_mini_backslash
D:3:      lemuel_castle_with_subvaults [lemuel_castle_interior_carwin_2],
          layout_basic, nicolae_dithmenos_through_a_glass_darkly, serial_shops,
          nicolae_shop_temple_entry_statues_fountains, kennysheep_potato

Skill      XL: |  1  2  3  4  5  6 |
---------------+-------------------+-----
Invocations    | 1 2 3 |  3.6
Evocations     | 1 2 3 |  3.9
Dodging        | 3 |  3.9
Fighting       | 3 |  3.5
Ranged Weapons | 6 |  6.4
Stealth        | |  1.3

Action                     |  1- 3 |  4- 6 |  7- 9 || total
---------------------------+-------+-------+-------++-------
   Fire: Shortbow          |    57 |   252 |    30 ||   339
    Use: Scroll            |     1 |     3 |       ||     4
         Potion            |     1 |     1 |       ||     2
 Armour: Leather armour    |    14 |   127 |     6 ||   147
  Dodge: Dodged            |    35 |   241 |     4 ||   280
